 Dungeon Crawl Stone Soup version 0.31-a0-345-g1ebeae05c6 (webtiles) character file.

Game seed: 6873037164969413744

28 Ofeo the Ruffian (level 3, -1/27 HPs)
             Began as a Demonspawn Shapeshifter on July 22, 2023.
             Slain by a gnoll
             ... wielding a +0 spear
              (5 damage)
             ... on level 1 of the Dungeon on July 23, 2023.
             The game lasted 00:00:57 (339 turns).

Ofeo the Ruffian (Demonspawn Shapeshifter)           Turns: 339, Time: 00:00:57

Health: -1/27      AC:  2    Str: 17    XL:     3   Next: 0%
Magic:  3/3        EV: 12    Int:  9    God:
Gold:   35         SH:  4    Dex: 13    Spells: 2/2 levels left

rFire   . . .        e - +3 dagger
rCold   . . .        (no shield)
rNeg    . . .        a - +0 animal skin
rPois   .            (helmet currently unavailable)
rElec   .            (cloak currently unavailable)
rCorr   .            (gloves currently unavailable)
SInv    .            (boots currently unavailable)
Will    .....        (no amulet)
Stlth   +            (no ring)
HPRegen 0.24/turn    (no ring)
MPRegen 0.08/turn

%: no passive effects
@: beast-form
A: beast (slay +2), antennae 1, condensation shield
a: Begin Untransformation


You were on level 1 of the Dungeon.
You were a hulking beast.
You visited 1 branch of the dungeon, and saw 1 of its levels.

You collected 35 gold pieces.

Inventory:

Hand Weapons
 e - a +3 dagger (weapon)
Armour
 a - a +0 animal skin (worn)
Talismans
 c - a beast talisman
Scrolls
 f - a scroll of poison {unknown}
 g - a scroll of butterflies {unknown}
Potions
 b - a potion of lignification
 d - a potion of heal wounds {unknown}


   Skills:
 + Level 1.7 Fighting
 + Level 2.2 Dodging
 + Level 3.0 Unarmed Combat
 + Level 2.9 Shapeshifting


You had 2 spell levels left.
You didn't know any spells.
Your spell library was empty.

Dungeon Overview and Level Annotations

Branches:
Dungeon (1/15)

Altars:


Innate Abilities, Weirdness & Mutations

You are a hulking beast.
Your limbs bulge with bestial killing power. (Slay +2)
You have a pair of small antennae on your head.
A meltable shield of frost defends you. (SH +4)


Message History

The dart slug launches a dart at you. The slug dart misses you.
A gnoll comes into view. It is wielding a +0 spear.
The dart slug launches a dart at you. The slug dart hits you.
You take 2 damage, and have 19/21 hp.
You hit the dart slug.
The dart slug is heavily wounded.
The dart slug launches a dart at you. The slug dart hits you.
You take 2 damage, and have 17/21 hp.
You hit the dart slug.
You kill the dart slug!
The kobold hits you with a +0 club.
You take 2 damage, and have 15/22 hp.
You barely miss the kobold. The kobold misses you.
You hit the kobold.
You kill the kobold!
The frilled lizard misses you.
You have reached level 3!
Your experience leads to an increase in your attributes!
Increase (s)trength, (i)ntelligence, or (d)exterity?
You feel stronger. x2; Your demonic ancestry asserts itself...
Frost condenses into a shield before you.
You regained 4 hp, and now have 20/27 hp.
MP restored: 3 The gnoll hits you with a +0 spear!
Things that are here:
a +0 club; a kobold corpse You take 8 damage, and have 12/27 hp.
MASSIVE DAMAGE!!
You hit the gnoll.
The gnoll is lightly wounded.
The gnoll hits you with a +0 spear!
* * * LOW HITPOINT WARNING * * *
The frilled lizard closely misses you.
You take 8 damage, and have 4/27 hp.
MASSIVE DAMAGE!!
You hit the gnoll.
The gnoll is moderately wounded.
The gnoll hits you with a +0 spear.
You die...

##.#....... .........#
###.........
#........###...........
#......................
#.............##.......
#..........##.#........
#........####....##...[
##...g.#...........###
##....h...###.####.....
#.....l.......# ######
...........##### #
.........### ..........
........... ..
..........## ..
.........## ..
...$#...## ..


You could see a gnoll and a frilled lizard.

Vanquished Creatures
  3 dart slugs (D:1)
  3 endoplasms (D:1)
  4 goblins (D:1)
  3 hobgoblins (D:1)
  3 kobolds (D:1)
  A quokka (D:1)
  A frilled lizard (D:1)
  2 rats (D:1)
20 creatures vanquished.

Notes
Turn   | Place    | Note
-------+----------+-------------------------------------------
     0 | D:1      | Ofeo the Demonspawn Shapeshifter began the quest for the
                  | Orb.
     0 | D:1      | Reached XP level 1. HP: 15/15 MP: 1/1
   119 | D:1      | Discovered your monstrous ancestry.
   119 | D:1      | Gained mutation: You have a pair of small antennae on your
                  | head. [demonic ancestry]
   119 | D:1      | Reached XP level 2. HP: 11/21 MP: 2/2
   284 | D:1      | Reached skill level 3 in Unarmed Combat
   337 | D:1      | Gained mutation: A meltable shield of frost defends you.
                  | (SH +4) [demonic ancestry]
   337 | D:1      | Reached XP level 3. HP: 20/27 MP: 3/3
   339 | D:1      | Slain by a gnoll

Illustrated notes

Levels and vault maps discovered:
D:1:      dpeg_arrival_stonehenge_8_columns, layout_rooms

Skill      XL: |  1  2 |
---------------+-------+-----
Dodging        | 2 |  2.2
Unarmed Combat | 3 |  3.0
Fighting       | |  1.7
Shapeshifting  | |  2.9

Action                     || total
---------------------------++-------
  Melee: Unarmed           ||    33
         Punch             ||     2
         Dagger            ||    21
 Armour: Animal skin       ||     7
  Dodge: Dodged            ||    32

Table legend: (Time is in decaauts)
 A = Elapsed time spent in this place.
 B = Non-inter-level travel time spent in this place.
 C = Inter-level travel time spent in this place.
 D = Time resting spent in this place.
 E = Time spent auto-exploring this place.
 F = Levels seen in this place.
 G = Mean time per level.
                   A        B        C        D        E       F      G
               +--------+--------+--------+--------+--------+-----+--------+
         Total |    335 |    335 |      0 |      0 |    231 |   1 |  335.0 |
       Dungeon |    335 |    335 |      0 |      0 |    231 |   1 |  335.0 |
               +--------+--------+--------+--------+--------+-----+--------+

Top non-repeatable levels by time:
     D:1: 335 daAuts
